 Dungeon Crawl Stone Soup version 0.29.0-7-g18a832c13a (webtiles) character file.

Game seed: 17032829791612156711

328000 Shayle the Gelid (level 22, -5/195 (205) HPs)
             Began as a Naga Ice Elementalist on Aug 28, 2022.
             Was a Believer of Ashenzari.
             Slain by a two-headed ogre zombie (13 damage)
             ... in a wizard's laboratory on Aug 30, 2022.
             The game lasted 06:19:47 (70737 turns).

Shayle the Gelid (Naga Ice Elementalist)           Turns: 70737, Time: 06:19:48

HP:   -5/195 (205)  AC: 23    Str: 13    XL:     22   Next: 4%
MP:   27/39         EV: 12    Int: 28    God:    Ashenzari [**....]
Gold: 1828          SH:  6    Dex: 11    Spells: 8/48 levels left

rFire   . . .      SeeInvis +   C - +9 scimitar (drain)
rCold   + . .      Faith    .   G - +2 buckler {reflect}
rNeg    . . .      Spirit   .   H - +0 steam dragon scales
rPois   +          Reflect  +   v - +2 helmet "Shattered Together" {Int+3, Comp, Cun} (curse)
rElec   +          Harm     .   L - +2 cloak
rCorr   +          Rampage  .   x - +2 pair of gloves "Gnostic Fortune-Teller" {Alch, Self} (curse)
Will    +++..                   A - +1 barding of Jyaho {Drain Will+ rCorr Stlth+}
Stlth   +++++.....              B - amulet of the Air {Inacc Air Fly rElec RMsl}
HPRegen 0.42/turn               e - ring "Cryptic Anxiety" {Wiz, Fort, Elem} (curse)
MPRegen 0.26/turn               r - ring of protection from cold

@: flying, lightly drained, repel missiles, very slow
A: AC +7, large, see invisible, deformed body, poison resistance, slowness 2,
spit poison 1, naga tail 2
}: 1/15 runes: serpentine
a: Spit Poison, Renounce Religion, Curse Item, Shatter the Chains


You were in a wizard's laboratory.
You worshipped Ashenzari.
Ashenzari was pleased with you.
You visited 8 branches of the dungeon, and saw 36 of its levels.
You also visited: Ice Cave and Wizlab.

You collected 3794 gold pieces.
You spent 1966 gold pieces at shops.

Inventory:

Hand Weapons
 C - a +9 scimitar of draining (weapon)
 W - the +4 rapier of Quick Death {vorpal, SInv}
   (You found it on level 5 of the Lair of Beasts)

   It inflicts extra damage upon your enemies.
   SInv:      It lets you see invisible.
Missiles
 z - 3 silver boomerangs (quivered)
 P - 2 throwing nets
Armour
 a - a +2 robe of cold resistance
 v - the cursed +2 helmet "Shattered Together" (worn) {Int+3, Comp, Cun}
   (You took it off Robin on level 3 of the Dungeon)

   It has a curse which improves the following skills: Companions: Summonings
   and Necromancy.
   Cunning:   Dodging and Stealth.
 x - the cursed +2 pair of gloves "Gnostic Fortune-Teller" (worn) {Alch, Self}
   (You found it on level 3 of the Dungeon)

   It has a curse which improves the following skills: Alchemy: Poison Magic and
   Transmutations.
   Introspection: Fighting and Spellcasting.
 A - the +1 barding of Jyaho (worn) {Drain Will+ rCorr Stlth+}
   (You acquired it on level 1 of the Lair of Beasts)

   rCorr:     It protects you from acid and corrosion.
   Drain:     It drains your maximum health when unequipped.
   Will:      It increases your willpower.
   Stlth:     It makes you more stealthy.
 E - a +1 leather armour of fire resistance
 G - a +2 buckler of reflection (worn)
 H - +0 steam dragon scales (worn)
 L - a +2 cloak (worn)
Jewellery
 d - the ring "Tuzen" {rPois rN+}
   (You found it on level 13 of the Dungeon)

   [ring of poison resistance]

   rPois:     It protects you from poison.
   rN:        It protects you from negative energy.
 e - the cursed ring "Cryptic Anxiety" (left hand) {Wiz, Fort, Elem}
   (You found it on level 1 of the Dungeon)

   [ring of wizardry]

   It improves your spell success rate.
   It has a curse which improves the following skills: Fortitude: Armour and
   Shields.
   Elements:  Fire Magic, Ice Magic, Air Magic and Earth Magic.
 p - a ring of willpower
 r - a ring of protection from cold (right hand)
 s - a ring of protection from fire
 B - the amulet of the Air (around neck) {Inacc Air Fly rElec RMsl}
   (You bought it in a shop on level 5 of the Dungeon)

   [amulet of nothing]

   It reduces the accuracy of all your attacks.
   It enhances your air magic.
   rElec:     It insulates you from electricity.
   Fly:       It grants you flight.
   RMsl:      It protects you from missiles.
 J - the ring "Kanaorph" {rC++ Dex+3 Slay+2 SInv}
   (You bought it in a shop on level 2 of the Orcish Mines)

   [ring of see invisible]

   Dex:       It affects your dexterity (+3).
   Slay:      It affects your accuracy & damage with ranged weapons and melee
   (+2).
   rC:        It greatly protects you from cold.
   SInv:      It lets you see invisible.
Wands
 j - a wand of digging (18)
 k - a wand of iceblast (17)
 l - a wand of flame (84)
 t - a wand of charming (15)
 R - a wand of light (3)
 X - a wand of mindburst (10)
Scrolls
 i - 4 scrolls of torment
 w - 10 scrolls of immolation
 F - 3 scrolls of teleportation
 I - a scroll of fear
 K - 3 scrolls of magic mapping
 M - 2 scrolls of poison
 N - 6 scrolls of butterflies
Potions
 b - a potion of magic
 c - 4 potions of cancellation
 g - 5 potions of resistance
 m - 6 potions of mutation
 o - 8 potions of lignification
 q - 3 potions of berserk rage
 u - 3 potions of might
 D - 9 potions of brilliance
 O - 2 potions of ambrosia
 S - 4 potions of haste


   Skills:
 - Level 12.5(13.7) Fighting
 + Level 13.4(14.5) Dodging
 - Level 9.7(10.9) Stealth
 - Level 2.9(4.0) Shields
 - Level 12.4(13.6) Spellcasting
 - Level 10.5 Conjurations
 - Level 7.3 Hexes
 - Level 9.2(10.5) Necromancy
 - Level 7.7(9.0) Transmutations
 - Level 5.8(7.0) Fire Magic
 * Level 20.0(21.1) Ice Magic
 - Level 8.1(9.3) Air Magic
 - Level 7.9(9.2) Earth Magic
 - Level 9.6(10.8) Poison Magic
 - Level 2.1 Evocations


You had 8 spell levels left.
You knew the following spells:

 Your Spells              Type           Power      Damage    Failure   Level
a - Freeze                Ice            100%       1d11      0%          1
b - Frozen Ramparts       Ice            100%       1d16      0%          3
c - Ozocubu's Armour      Ice            95%        N/A       0%          3
d - Hailstorm             Conj/Ice       82%        3d17      1%          4
e - Olgreb's Toxic Radia  Pois           68%        N/A       1%          4
f - Ensorcelled Hibernat  Hex/Ice        100%       N/A       0%          2
g - Simulacrum            Ice/Necr       41%        N/A       1%          6
h - Anguish               Hex/Necr       31%        N/A       1%          4
i - Ignite Poison         Fire/Tmut/Pois 62%        N/A       1%          3
j - Ozocubu's Refrigerat  Ice            47%        4d18      1%          7
k - Mephitic Cloud        Conj/Pois/Air  86%        N/A       1%          3

Your spell library contained the following spells:

 Spells                   Type           Power      Damage    Failure   Level
 Magic Dart               Conj           100%       1d8       1%          1
 Necrotise                Necr           100%       1d9       1%          1
 Sandblast                Erth           100%       2d20      1%          1
 Sting                    Tmut/Pois      100%       1d8       1%          1
 Call Imp                 Summ           19%        N/A       1%          2
 Passwall                 Tmut/Erth      52%        N/A       1%          2
 Poisonous Vapours        Pois/Air       100%       N/A       1%          2
 Conjure Flame            Conj/Fire      62%        6-21      1%          3
 Spider Form              Tmut/Pois      66%        N/A       1%          3
 Stone Arrow              Conj/Erth      100%       3d13      1%          3
 Swiftness                Air            82%        N/A       1%          3
 Vampiric Draining        Necr           67%        2d10      1%          3
 Ice Form                 Ice/Tmut       80%        N/A       1%          4
 Sticky Flame             Conj/Fire      62%        2d8       1%          4
 Agony                    Necr           67%        N/A       1%          5
 Metabolic Englaciation   Hex/Ice        39%        N/A       1%          5
 Gell's Gravitas          Tloc           19%        N/A       4%          3
 Lesser Beckoning         Tloc           19%        N/A       4%          3
 Teleport Other           Tloc           19%        N/A       4%          3


Dungeon Overview and Level Annotations

Branches:
Dungeon (15/15)            Temple (1/1) D:6            Lair (5/5) D:10
  Swamp (4/4) Lair:3        Snake (4/4) Lair:2        Slime (0/5) Lair:5
    Orc (2/2) D:10            Elf (1/3) Orc:2        Vaults (4/5) D:14
  Crypt (0/3) Vaults:3     Depths (0/4) D:15          IceCv (visited)
 WizLab (1/1)

Altars:
Ashenzari
Cheibriados
Dithmenos
Elyvilon
Fedhas
Gozag
Hepliaklqana
Kikubaaqudgha
Makhleb
Nemelex Xobeh
Okawaru
Qazlal
Ru
Sif Muna
Trog
Uskayaw
Vehumet
Wu Jian
Xom
Yredelemnul
Zin
The Shining One
Jiyva
Lugonu

Shops:
D:5 =   Orc:1 [   Orc:2 *(?(   Snake:2 ==:   Vaults:1 [   Vaults:3 [
Vaults:4 (((

Portals:
Abyss: D:6

Annotations:
D:15 exclusion: obsidian statue
Swamp:4 exclusion: oklob plant
Snake:3 2 runed translucent doors, mdonais's ghost, journeyman OpEE
Snake:4 Vashnia


Innate Abilities, Weirdness & Mutations

Your serpentine skin is tough. (AC +7)
You have supernaturally acute eyesight. (SInv)
Armour fits poorly on your strangely shaped body.
Your system is resistant to poisons. (rPois)
You cover ground very slowly.
You can spit poison.
You can use your snake-like lower body to constrict enemies.


Message History

The troll zombie is moderately damaged.
You constrict the troll zombie.
The two-headed ogre zombie closely misses you.
The two-headed ogre zombie barely misses you.
The troll zombie closely misses you. The troll zombie barely misses you. x2
Unknown command.
You slash the troll zombie!
The troll zombie is heavily damaged.
You constrict the troll zombie.
The troll zombie bites you but does no damage.
The troll zombie claws you but does no damage.
The troll zombie claws you.
* * * LOW HITPOINT WARNING * * *
The two-headed ogre zombie hits you!
* * * LOW HITPOINT WARNING * * *
The two-headed ogre zombie misses you.
You hit the troll zombie.
The troll zombie is severely damaged.
You constrict the troll zombie! The troll zombie closely misses you.
You block the troll zombie's attack. x2; The two-headed ogre zombie hits you!
* * * LOW HITPOINT WARNING * * *
The two-headed ogre zombie hits you but does no damage.
The troll zombie barely misses you.
The troll zombie claws you but does no damage.
The troll zombie claws you.
* * * LOW HITPOINT WARNING * * *
You hit the troll zombie.
The troll zombie is almost destroyed.
You constrict the troll zombie. The troll zombie closely misses you.
The troll zombie misses you. You block the troll zombie's attack.
You block the two-headed ogre zombie's attack.
The two-headed ogre zombie hits you but does no damage.
Unknown command.
You slash the troll zombie!
You destroy the troll zombie!
You barely miss the two-headed ogre zombie.
You grab the two-headed ogre zombie.
You constrict the two-headed ogre zombie.
The two-headed ogre zombie hits you!
You die...

♣....# , ♣....#, *
#♣...# ,, , ,, 8
♣...###, * , * *
♣.....## * ,.
♣♣......#, * 8. ,
#......)####+####..8
#♣....)....⌠.⌠......
,
#♣♣..@Z....∩......8,
♣♣.......∩.......
♣....♣.♣♣..♣....♣
#♣##♣#♣####♣* ###


You could see a two-headed ogre zombie.

Vanquished Creatures
  Jorgrun (Swamp:2)
  Frances (Swamp:1)
  A sphinx (Vaults:1)
  4 nagarajas (Snake:4)
  A frost giant (IceCv)
  9 vault wardens
  The ghost of Godmorgon the Severer, a journeyman PaFi of Okawaru (D:13)
  A quicksilver ooze (shapeshifter) (Vaults:3)
  5 ironbound preservers
  4 very ugly things
  A war gargoyle (Vaults:3)
  A stone giant (D:15)
  3 ironbound thunderhulks
  2 entropy weavers (Vaults:3)
  7 dire elephants
  2 eleionomae
  2 bunyips (Swamp:2)
  Snorg (Orc:1)
  Josephine (D:14)
  4 yaktaur captains
  A crystal guardian (Vaults:4)
  2 shambling mangroves
  A salamander tyrant (Snake:4)
  4 great orbs of eyes
  Harold (D:11)
  15 vault guards
  2 catoblepae (Lair:5)
  2 peacekeepers (Vaults:4)
  10 ironbound frosthearts
  14 hydras
  4 boulder beetles
  4 two-headed ogres
  10 centaur warriors
  15 anacondas
  11 naga warriors
  10 alligators
  6 tengu warriors
  12 death yaks
  16 naga sharpshooters
  6 shock serpents
  A deep elf knight (Swamp:2)
  Amaemon (D:8)
  20 deep trolls
  4 salamander mystics
  2 goliath frogs
  A skeletal warrior (WizLab)
  A spriggan druid (Swamp:2)
  2 swamp dragons
  3 bog bodies
  14 lindwurms
  Pikel (D:7)
  A deep elf archer (Swamp:2)
  7 naga ritualists
  2 necromancers
  5 orc knights
  14 ironbound convokers
  5 deep elf pyromancers
  4 wizards
  3 orc sorcerers
  17 ugly things
  4 mana vipers
  2 will-o-the-wisps
  6 cyclopes
  20 salamanders
  9 elephants
  4 manticores
  27 black mambas
  7 guardian serpents
  15 naga magi
  An orange demon (D:8)
  A torpor snail (Lair:5)
  15 vault sentinels
  10 cane toads
  A kobold demonologist (D:12)
  A yaktaur (shapeshifter) (D:14)
  3 unseen horrors
  9 yaktaurs
  Psyche (D:8)
  3 rime drakes
  9 komodo dragons
  A tengu conjurer (D:13)
  A meliai (D:13)
  13 polar bears
  6 trolls
  2 raiju (Lair:5)
  9 tyrant leeches
  A queen bee (D:13)
  10 hornets
  37 slime creatures
  7 dream sheep
  A shadow (D:11)
  44 yaks
  9 wraiths
  8 spriggans
  5 wyverns
  A water elemental (D:11)
  5 vampires
  5 basilisks
  4 steam dragons
  2 vampire mosquitoes (Swamp:2)
  Grum (D:8)
  2 redbacks (Vaults:3)
  6 wargs (Lair:5)
  Menkaure (D:7)
  30 nagas
  17 swamp worms
  An acid dragon (D:12)
  Duvessa (D:7)
  13 hell hounds (Lair:5)
  17 water moccasins
  15 black bears
  A swamp drake (Orc:2)
  44 orc warriors
  36 wolves
  2 ice beasts
  6 ogres
  4 lemures (D:7)
  20 centaurs
  A phantom (D:7)
  A kobold brigand (D:12)
  20 bullfrogs
  7 scorpions
  17 wights
  Dowan (D:7)
  17 killer bees
  5 troll zombies (WizLab)
  5 electric eels
  4 howler monkeys (D:7)
  2 vampire bats (D:9)
  A crimson imp (Orc:2)
  3 lava snakes (Snake:1)
  5 hounds
  3 jellies
  7 orc priests
  An iron imp (Orc:2)
  Jessica (D:2)
  Terence (D:3)
  5 iguanas
  21 orc wizards
  A hell rat (Lair:5)
  4 ogre zombies (WizLab)
  Robin (D:3)
  7 adders
  7 gnolls
  A shadow imp (Orc:2)
  15 white imps
  2 worms
  A dart slug (D:4)
  73 orcs
  5 ball pythons
  3 bat skeletons (D:9)
  3 bat zombies (D:9)
  6 endoplasms
  3 giant cockroaches
  11 goblins
  17 hobgoblins
  3 jackals (D:4)
  8 kobolds
  4 quokkas
  3 bats
  5 frilled lizards
  5 rats
  A lurking horror (D:6)
1159 creatures vanquished.

Vanquished Creatures (collateral kills)
  A tentacled monstrosity (Swamp:4)
  A nagaraja (Snake:4)
  Aizul (Swamp:4)
  15 very ugly things
  5 ironbound preservers (Vaults:3)
  2 war gargoyles (Vaults:4)
  A stone giant (Vaults:1)
  2 ironbound thunderhulks (Vaults:3)
  3 dire elephants
  A bunyip (Swamp:4)
  A crystal guardian (Vaults:3)
  2 great orbs of eyes (Vaults:3)
  2 yaktaur captains
  4 hydras
  A ghost crab (Swamp:3)
  A peacekeeper (Vaults:3)
  An ironbound frostheart (Vaults:4)
  2 anacondas (Snake:4)
  A vault guard (Vaults:1)
  A centaur warrior (Vaults:3)
  2 naga warriors (Snake:4)
  2 alligators (Swamp:4)
  3 death yaks (IceCv)
  8 naga sharpshooters (Snake:4)
  A shock serpent (Snake:4)
  A salamander mystic (Snake:4)
  2 goliath frogs (Swamp:4)
  A swamp dragon (Swamp:3)
  A glowing orange brain (Vaults:3)
  14 deep trolls
  2 naga ritualists (Snake:4)
  3 ironbound convokers
  A lindwurm (Vaults:1)
  A spriggan druid (Swamp:2)
  A bog body (Swamp:3)
  An orc sorcerer (D:15)
  7 ugly things
  A will-o-the-wisp (Swamp:3)
  A mana viper (Snake:3)
  A salamander (Snake:4)
  An ice statue (IceCv)
  3 vault sentinels
  6 black mambas
  A guardian serpent (Snake:4)
  3 naga magi
  A swamp worm zombie (Swamp:4)
  A bloated husk (Swamp:3)
  6 polar bears
  2 hornets (Swamp:3)
  A tyrant leech (Swamp:3)
  A raiju (Swamp:2)
  4 slime creatures (Vaults:2)
  2 spriggans (Swamp:3)
  10 yaks (IceCv)
  2 redbacks (Vaults:3)
  14 nagas
  4 swamp worms
  A swamp drake (Swamp:3)
  3 orc warriors (Orc:2)
  4 centaurs (Orc:2)
  7 wolves (IceCv)
  A killer bee (D:13)
  A gnoll (Orc:2)
181 creatures vanquished.

Vanquished Creatures (others)
  2 very ugly things (Vaults:2)
  A naga warrior (Snake:3)
  A deep elf pyromancer (D:15)
  A bloated husk (Swamp:2)
  A naga (Snake:3)
  An orc warrior (Orc:2)
  4 orcs (Orc:2)
  22 foxfires
  17 fungi
  A lurking horror (D:6)
  57 plants
  2 withered plants (D:2)
110 creatures vanquished.

Grand Total: 1450 creatures vanquished

Notes
Turn   | Place    | Note
-------+----------+-------------------------------------------
     0 | D:1      | Shayle the Naga Ice Elementalist began the quest for the
                  | Orb.
     0 | D:1      | Reached XP level 1. HP: 15/15 MP: 3/3
   265 | D:1      | You fall into a shaft and drop 1 floor!
   310 | D:2      | Reached XP level 2. HP: 18/24 MP: 0/5
   383 | D:2      | Noticed Jessica
   519 | D:1      | Reached XP level 3. HP: 30/30 MP: 4/6
   756 | D:1      | Reached skill level 1 in Fighting
   870 | D:1      | Reached skill level 1 in Air Magic
   913 | D:1      | Learned a level 3 spell: Frozen Ramparts
  1337 | D:2      | Reached XP level 4. HP: 34/38 MP: 3/7
  2083 | D:2      | Killed Jessica
  2143 | D:2      | Reached XP level 5. HP: 44/44 MP: 4/8
  2440 | D:2      | Found a faded altar of an unknown god.
  2789 | D:3      | Noticed Robin
  2804 | D:3      | Killed Robin
  2900 | D:3      | Found a stormy altar of Qazlal.
  3306 | D:3      | Found a runed translucent door.
  3306 | D:3      | Noticed a human
  3310 | D:3      | Found a basalt altar of Yredelemnul.
  3823 | D:3      | Noticed Terence
  3834 | D:3      | Killed Terence
  4297 | D:4      | Reached XP level 6. HP: 49/52 MP: 4/10
  4638 | D:5      | Entered Level 5 of the Dungeon
  4809 | D:5      | Reached skill level 5 in Stealth
  4849 | D:5      | Learned a level 3 spell: Ozocubu's Armour
  4900 | D:5      | Found a glowing golden altar of the Shining One.
  4943 | D:5      | Noticed an orc warrior
  4967 | D:5      | Killed an orc warrior
  4968 | D:5      | Reached skill level 5 in Ice Magic
  4968 | D:5      | Reached XP level 7. HP: 35/61 MP: 1/12
  5186 | D:5      | Found Kuer's Jewellery Emporium.
  5290 | D:5      | Found an iron altar of Okawaru.
  5773 | D:5      | Reached XP level 8. HP: 69/70 MP: 9/14
  5992 | D:6      | Found a staircase to the Ecumenical Temple.
  6001 | Temple   | Entered the Ecumenical Temple
  6250 | Temple   | Became a worshipper of Ashenzari the Shackled
  6380 | D:6      | Found a corrupted altar of Lugonu.
  6380 | D:6      | Found a one-way gate to the infinite horrors of the Abyss.
  6446 | D:6      | Reached skill level 6 in Ice Magic
  7069 | D:7      | Noticed Dowan
  7073 | D:7      | Reached skill level 5 in Spellcasting
  7077 | D:7      | Killed Dowan
  7157 | D:7      | Noticed Duvessa
  7195 | D:7      | Killed Duvessa
  7196 | D:7      | Reached skill level 5 in Fighting
  7196 | D:7      | Reached skill level 5 in Air Magic
  7196 | D:7      | Reached XP level 9. HP: 63/81 MP: 7/16
  7435 | D:7      | Noticed Pikel
  7578 | D:7      | Killed Pikel
  7579 | D:7      | Reached skill level 7 in Ice Magic
  7881 | D:7      | Learned a level 4 spell: Hailstorm
  7886 | D:7      | Learned a level 4 spell: Olgreb's Toxic Radiance
  8066 | D:7      | Reached skill level 1 in Poison Magic
  8233 | D:7      | Reached skill level 1 in Conjurations
  8247 | D:7      | Reached XP level 10. HP: 72/91 MP: 11/19
  8716 | D:7      | Found a blossoming altar of Fedhas.
  8729 | D:7      | Noticed Menkaure
  8738 | D:7      | Killed Menkaure
  9097 | D:7      | Found a bloodstained altar of Trog.
  9112 | D:7      | Reached skill level 8 in Ice Magic
  9281 | D:7      | Found a white marble altar of Elyvilon.
  9657 | D:8      | Noticed Psyche
  9667 | D:8      | Killed Psyche
  9711 | D:8      | Noticed Grum
  9726 | D:8      | Killed Grum
 10411 | D:8      | Noticed Amaemon
 10411 | D:8      | Noticed an orange demon
 10553 | D:8      | Killed Amaemon
 10556 | D:8      | Killed an orange demon
 10557 | D:8      | Reached skill level 5 in Poison Magic
 10900 | D:9      | Reached XP level 11. HP: 84/100 MP: 13/21
 11883 | D:9      | Reached skill level 9 in Ice Magic
 12004 | D:9      | Found an ancient bone altar of Kikubaaqudgha.
 12063 | D:9      | Noticed a green ugly thing
 12084 | D:9      | Killed a green ugly thing
 12507 | D:10     | Entered Level 10 of the Dungeon
 12886 | D:10     | Noticed a two-headed ogre
 12894 | D:10     | Killed a two-headed ogre
 12895 | D:10     | Reached skill level 5 in Conjurations
 13132 | D:10     | Found a staircase to the Orcish Mines.
 13725 | D:11     | Noticed Harold
 13730 | D:11     | Learned a level 2 spell: Ensorcelled Hibernation
 13793 | D:11     | Killed Harold
 13794 | D:11     | Reached skill level 1 in Hexes
 13794 | D:11     | Reached skill level 1 in Transmutations
 14399 | D:12     | Noticed a manticore
 14541 | D:11     | Reached XP level 12. HP: 74/112 MP: 16/23
 15163 | D:10     | Found a staircase to the Lair.
 17137 | Lair:1   | Entered Level 1 of the Lair of Beasts
 17190 | Lair:1   | Identified a scroll of acquirement
 17194 | Lair:1   | Acquired the +1 barding of Jyaho {Drain Will+ rCorr Stlth+}
 17201 | Lair:1   | Reached * piety under Ashenzari
 17234 | Lair:1   | Found an ornate altar of the Wu Jian Council.
 18238 | Lair:1   | Gained mutation: You can use your snake-like lower body to
                  | constrict enemies. [Naga growth]
 18238 | Lair:1   | Reached XP level 13. HP: 118/121 MP: 21/25
 18629 | Lair:2   | Found a staircase to the Snake Pit.
 19829 | Lair:3   | Reached skill level 5 in Hexes
 19877 | Lair:3   | Reached skill level 5 in Transmutations
 19951 | Lair:3   | Found a staircase to the Swamp.
 20949 | Lair:3   | Reached ** piety under Ashenzari
 21523 | Lair:3   | Reached skill level 10 in Fighting
 21692 | Lair:3   | Reached skill level 1 in Fire Magic
 21692 | Lair:3   | Reached skill level 1 in Earth Magic
 22739 | Lair:4   | Reached XP level 14. HP: 91/132 MP: 3/27
 23408 | Lair:5   | Entered Level 5 of the Lair of Beasts
 24069 | Lair:5   | Found a viscous altar of Jiyva.
 24069 | Lair:5   | Found a staircase to the Slime Pits.
 24311 | Lair:5   | Reached XP level 15. HP: 140/140 MP: 28/28
 24660 | Lair:5   | Reached skill level 10 in Spellcasting
 25742 | Lair:5   | Reached skill level 5 in Fire Magic
 26149 | Lair:5   | Identified the +4 rapier of Quick Death {vorpal, SInv}
 26598 | D:13     | Identified the ring "Tuzen" {rPois rN+}
 27073 | D:13     | Noticed Godmorgon's ghost (journeyman PaFi)
 27164 | D:13     | Found a transporter.
 27185 | D:13     | Found a transporter.
 27552 | D:14     | Reached skill level 5 in Dodging
 27841 | D:14     | Reached XP level 16. HP: 119/150 MP: 20/30
 27855 | D:14     | Reached skill level 5 in Earth Magic
 28669 | Swamp:1  | Entered Level 1 of the Swamp
 29005 | Swamp:1  | Noticed Frances
 29022 | Swamp:1  | Killed Frances
 29023 | Swamp:1  | Reached skill level 1 in Necromancy
 29516 | Orc:1    | Entered Level 1 of the Orcish Mines
 29528 | Orc:1    | Noticed Snorg
 29540 | Orc:1    | Killed Snorg
 29786 | Orc:2    | Entered Level 2 of the Orcish Mines
 29795 | Orc:2    | Learned a level 6 spell: Simulacrum
 29886 | Orc:2    | Found a frozen archway.
 29919 | IceCv    | Entered an ice cave
 30675 | IceCv    | Learned a level 4 spell: Anguish
 31075 | IceCv    | Reached skill level 5 in Necromancy
 31075 | IceCv    | Reached XP level 17. HP: 93/154 MP: 3/32
 31365 | IceCv    | Identified the +8 trident of Jirown {protect, Fly rPois rC-
                  | Dex+4}
 32235 | Orc:2    | Found a staircase to the Elven Halls.
 32660 | Orc:2    | Found Dalue's Magic Scroll Shop.
 32660 | Orc:2    | Found Qiheqom's Weapon Emporium.
 32662 | Orc:2    | Found Wacyi's General Store.
 32664 | Orc:2    | Found Zastau's Weapon Boutique.
 32674 | Orc:2    | Bought the ring "Kanaorph" {rC++ Dex+3 Slay+2 SInv} for 758
                  | gold pieces
 32831 | Orc:1    | Found Wecryhod's Antique Armour Boutique.
 33120 | Orc:2    | Bought a scroll of enchant armour for 82 gold pieces
 33573 | D:14     | Noticed Josephine
 33632 | D:14     | Found a gate to the Vaults.
 33903 | D:14     | Killed Josephine
 34213 | D:15     | Entered Level 15 of the Dungeon
 34233 | D:15     | Reached skill level 10 in Conjurations
 34610 | D:15     | Identified the +8 spear "Winue" {pain, Contam Fly rCorr}
 34974 | D:15     | Found a staircase to the Depths.
 35132 | D:15     | Reached XP level 18. HP: 149/168 MP: 18/33
 36260 | Snake:1  | Entered Level 1 of the Snake Pit
 38080 | Snake:1  | Found a sacrificial altar of Ru.
 39628 | D:5      | Bought the amulet of the Air {Inacc Air Fly rElec RMsl} for
                  | 376 gold pieces
 39628 | D:5      | Found the amulet of the Air {Inacc Air Fly rElec RMsl}
 41386 | Snake:2  | Found Vejixt's Book Boutique.
 41386 | Snake:2  | Found Odaumipn's Jewellery Emporium.
 41389 | Snake:2  | Found Gaoladuh's Jewellery Emporium.
 41499 | Snake:2  | Bought an Everburning Encyclopedia for 390 gold pieces
 41499 | Snake:2  | Bought Ozocubu's Autobiography for 360 gold pieces
 41503 | Snake:2  | Learned a level 3 spell: Ignite Poison
 41511 | Snake:2  | Learned a level 7 spell: Ozocubu's Refrigeration
 43303 | Snake:3  | Found a large runed translucent door.
 43303 | Snake:3  | Found a large runed translucent door.
 43307 | Snake:3  | Noticed mdonais's ghost (journeyman OpEE)
 44090 | Snake:4  | Entered Level 4 of the Snake Pit
 44114 | Snake:3  | Reached skill level 10 in Ice Magic
 44790 | Snake:4  | Reached XP level 19. HP: 54/181 MP: 21/36
 45153 | Snake:4  | Identified the +1 robe of Neenk {rCorr Slay+3}
 45827 | Snake:4  | Reached skill level 11 in Ice Magic
 46478 | Snake:4  | Noticed Vashnia
 47473 | Snake:4  | Reached skill level 12 in Ice Magic
 48741 | Snake:3  | Learned a level 3 spell: Mephitic Cloud
 49867 | Snake:4  | Reached skill level 13 in Ice Magic
 51845 | Swamp:2  | Noticed Jorgrun
 51853 | Swamp:2  | Killed Jorgrun
 51861 | Swamp:2  | HP: 8/181 [constriction (12)]
 51861 | Swamp:2  | HP: 3/181 [constriction (5)]
 53152 | Swamp:3  | Reached skill level 10 in Dodging
 53152 | Swamp:3  | Reached skill level 14 in Ice Magic
 53974 | Swamp:4  | Entered Level 4 of the Swamp
 54118 | Swamp:4  | Noticed a tentacled monstrosity
 54317 | Swamp:4  | Reached XP level 20. HP: 189/189 MP: 14/37
 54428 | Swamp:4  | Noticed Aizul
 54573 | Swamp:4  | Killed Aizul
 54927 | Swamp:4  | Reached skill level 15 in Ice Magic
 56161 | D:13     | Killed Godmorgon's ghost
 57542 | Snake:4  | Got a serpentine rune of Zot
 57846 | Vaults:1 | Entered Level 1 of the Vaults
 59336 | Vaults:1 | Found Qeoxt's Armour Boutique.
 59580 | Vaults:1 | Reached skill level 16 in Ice Magic
 59866 | Vaults:1 | Upgraded the game from 0.29.0-5-ge4962eb29e to
                  | 0.29.0-7-g18a832c13a
 61521 | Vaults:2 | Reached skill level 17 in Ice Magic
 62992 | Vaults:2 | Reached XP level 21. HP: 156/196 MP: 15/38
 64353 | Vaults:3 | Reached skill level 18 in Ice Magic
 65464 | Vaults:3 | Found a staircase to the Crypt.
 65464 | Vaults:3 | Found a basalt altar of Yredelemnul.
 65465 | Vaults:3 | Found an ancient bone altar of Kikubaaqudgha.
 66207 | Vaults:3 | Reached skill level 19 in Ice Magic
 67003 | Vaults:3 | Identified the +3 scale mail of Compassion {rN+ rCorr}
 67004 | Vaults:3 | Found Aquroupp's Armour Shop.
 68269 | Vaults:4 | Found Mamparea's Weapon Emporium.
 68286 | Vaults:4 | Found Fogimyut's Weapon Boutique.
 69316 | Vaults:4 | HP: 9/196 [war gargoyle/spray of metal splinters[a
                  | peacekeeper] (11)]
 69805 | Vaults:4 | Found Leubb's Weapon Shop.
 70140 | Vaults:4 | Reached XP level 22. HP: 180/205 MP: 16/39
 70144 | Vaults:4 | Reached skill level 20 in Ice Magic
 70547 | Elf:1    | Entered Level 1 of the Elven Halls
 70616 | Elf:1    | Found a magical portal.
 70629 | WizLab   | Entered Zonguldrok's Shrine
 70734 | WizLab   | HP: 6/195 [troll zombie (4)]
 70737 | WizLab   | Slain by a two-headed ogre zombie

Illustrated notes

Levels and vault maps discovered:
D:1:      dpeg_arrival_pits, layout_basic
D:2:      layout_loops_corners, shapermc_ecumenical_altar_flowoftime,
          uniq_jessica
D:3:      layout_basic, dk_yredelemnul_ordeal, nicolae_qazlal_scattered_showers,
          minmay_misc_feat_hallway, serial_bayou_lake_a, uniq_terence,
          uniq_robin
D:4:      layout_rooms, minivault_11
D:5:      layout_basic, okawaru_ov_weapons_minmay, tso_oasis_becter,
          serial_shops, kennysheep_mini_moat, minmay_crossroads
D:6:      layout_loops_ring, minmay_temple_entry_tees,
          amcnicky_altar_lugonu_corruption
D:7:      minmay_polygon_palace, layout_loops_ring,
          nicolae_elyvilon_temple_path, mainiacjoe_overflow_catch_the_wave,
          uniq_pikel, uniq_duvessa, uniq_menkaure
D:8:      layout_basic, uniq_grum, uniq_psyche, uniq_amaemon
D:9:      layout_loops_ring, kennysheep_vampire_church,
          minmay_fractal_squares_diagonal_5
D:10:     layout_roguey, erik_lair_dragon, orc_0_dummy
D:11:     layout_basic, solitary_fountain, uniq_harold
D:12:     layout_basic, minivault_16, minivault_26, lightli_minifort
D:13:     layout_roguey, gammafunk_ghost_hive
D:14:     layout_loops_ring, erik_vaults_2, minivault_4, grunt_ministairs_3,
          uniq_josephine
D:15:     grunt_enter_depths_snipers, layout_loops_ring, minmay_protected_statue
Temple:   dpeg_chambers_temple
Lair:1:   wander_river, layout_regular_city, basic_altar, st_stairs_8,
          serial_bayou_shore_b
Lair:2:   layout_layer_cave, minmay_snake_entry_six_corridors
Lair:3:   onia_ninara_swampy_vault, layout_layer_cave, swamp_mist_pool,
          serial_bayou_shore_a
Lair:4:   layout_long_grid, grunt_megastairs_3
Lair:5:   hangedman_lair_caniforms_friends, layout_regular_city,
          hangedman_lair_in_review, slime_entry_1, infiniplex_staircase_pool
Swamp:1:  layout_basic_swamp, evilmike_swamp_ruin_house_3, swamp_pool3,
          uniq_frances
Swamp:2:  layout_falls_marsh, evilmike_swamp_ruin_wall, swamp_pool4,
          beargit_elvish_explorers, uniq_jorgrun
Swamp:3:  layout_falls_marsh, nicolae_swamp_tree_isthmus, swamp_pool1
Swamp:4:  swamp_pestilence, layout_basic_swamp, swamp_pool1,
          nicolae_swamp_treefoil, hangedman_swamp_diagram, uniq_aizul
Snake:1:  layout_basic, basic_altar
Snake:2:  layout_onion_interference, nicolae_snake_salamander_jacuzzi,
          minmay_shop_grove, serial_bayou_shore_b, nicolae_triple_integral,
          serial_bayou_shore_b
Snake:3:  layout_honeycomb, ebering_ghost_disaster_area
Snake:4:  grunt_snake_rune_serpentine_throne, layout_onion_interference,
          uniq_vashnia
Orc:1:    layout_caves, serial_shops, nicolae_shop_hallway_stairs, uniq_snorg
Orc:2:    st_orc_rangers, layout_caves, portal_ice_cave_entry_imps,
          special_room, hangedman_minor_magic
Elf:1:    layout_onion_city, mu_enter_wizlab_7, minmay_elf_demonology,
          st_stairs_7, nicolae_shop_vocational
Vaults:1: hangedman_vaults_trim, ontoclasm_vaults_ring_square,
          nicolae_vaults_ninety_degrees, ontoclasm_vaults_hangar, v_rooms_3,
          st_squares, nicolae_vaults_network_quinsquares
          [nicolae_vaults_network_quincunx_subvault,
          nicolae_vaults_network_quincunx_subvault,
          nicolae_vaults_network_quincunx_subvault,
          nicolae_vaults_network_quincunx_subvault], ontoclasm_vaults_idyll,
          nicolae_vaults_mini_display_case, ontoclasm_vaults_loading_screen,
          ontoclasm_vaults_idyll, vaults_dpeg_encased_lava,
          grunt_vaults_diagonal, v_misc_29, layout_vaults_omnicross,
          serial_shops, nicolae_diamond_shop
Vaults:2: nicolae_vaults_network_square, nicolae_vaults_big_angled_halls,
          nicolae_vaults_network_star, vaults_room_pool, v_misc_22,
          ontoclasm_vaults_pinch, hangedman_vaults_maws,
          ontoclasm_vaults_hangar, nicolae_vaults_alarming, v_alt_pattern_3,
          grunt_vaults_funnel, vaults_room_door_ring, layout_vaults_omnibox
Vaults:3: v_rooms_1, vaults_dpeg_cross, minmay_crypt_entry_necro_gods,
          ontoclasm_vaults_tryst, v_misc_11, hangedman_vaults_corner_blocks,
          vaults_room_corners, hangedman_vaults_corner_blocks, vaults_room_pool,
          layout_vaults_chaotic_city, serial_shops, shop
Vaults:4: v_misc_8, hangedman_vaults_slither, v_rooms_6, vaults_room_hallway,
          st_lattice, layout_vaults_omnigrid, serial_shops,
          nicolae_shop_advertising_works [nicolae_subvault_shop_adworks],
          nicolae_shop_bloodbath_and_beyond, nicolae_square_shop
WizLab:   wizlab_zonguldrok

Skill      XL: |  1  2  3  4  5  6  7  8  9 10 11 12 13 14 15 16 17 18 19 20 21 22 |
---------------+-------------------------------------------------------------------+-----
Fighting       | 1 2 3 5 6 7 8 9 10 11 12 | 12.5
Dodging        | 2 3 4 5 6 8 10 11 13 | 13.4
Air Magic      | 1 2 3 5 6 7 8 |  8.1
Stealth        | 4 5 7 9 |  9.7
Spellcasting   | 3 4 5 6 7 8 9 10 11 12 | 12.4
Ice Magic      | 5 6 7 8 9 10 14 17 19 20 | 20.0
Poison Magic   | 2 5 7 9 |  9.6
Conjurations   | 1 3 5 7 8 9 10 | 10.5
Hexes          | 1 4 5 6 7 |  7.3
Transmutations | 1 4 5 6 7 |  7.7
Fire Magic     | 2 4 5 |  5.8
Earth Magic    | 2 3 4 5 6 7 |  7.9
Shields        | 2 |  2.9
Evocations     | 2 |  2.1
Necromancy     | 5 7 9 |  9.2

Action                   |  1- 3 |  4- 6 |  7- 9 | 10-12 | 13-15 | 16-18 | 19-21 | 22-24 || total
-------------------------+-------+-------+-------+-------+-------+-------+-------+-------++-------
Melee: Short sword       |    13 |   124 |   114 |   246 |       |       |       |       ||   497
       Punch             |       |     4 |     2 |     8 |     4 |     1 |       |       ||    19
       Dagger            |       |       |       |    49 |       |       |       |       ||    49
       Scimitar          |       |       |       |   119 |   231 |   447 |   490 |    49 ||  1336
       Constrict         |       |       |       |       |    71 |    95 |    87 |    12 ||   265
       Trident           |       |       |       |       |     9 |       |       |       ||     9
       Rapier            |       |       |       |       |    40 |    22 |       |       ||    62
Throw: Boomerang         |       |       |       |       |       |    10 |     3 |       ||    13
       Throwing net      |       |       |       |       |       |     2 |       |       ||     2
 Cast: Freeze            |    18 |    11 |    27 |    16 |     2 |       |       |       ||    74
       Frozen Ramparts   |     4 |    30 |    32 |    64 |    65 |    90 |    40 |       ||   325
       Ozocubu's Armour  |       |     1 |    11 |    20 |    35 |    25 |     8 |     1 ||   101
       Hailstorm         |       |       |       |    69 |    77 |   120 |    10 |       ||   276
       Olgreb's Toxic Ra |       |       |       |    13 |    52 |    79 |   126 |       ||   270
       Ensorcelled Hiber |       |       |       |       |     2 |       |     1 |       ||     3
       Simulacrum        |       |       |       |       |       |    31 |   109 |       ||   140
       Anguish           |       |       |       |       |       |     5 |    12 |       ||    17
       Ozocubu's Refrige |       |       |       |       |       |    19 |   123 |       ||   142
       Ignite Poison     |       |       |       |       |       |       |   133 |     6 ||   139
       Mephitic Cloud    |       |       |       |       |       |       |    73 |     7 ||    80
Invok: Curse Item        |       |       |       |     2 |     1 |     1 |       |       ||     4
       Shatter the Chain |       |       |       |       |       |     1 |       |       ||     1
 Abil: Spit Poison       |    21 |    16 |    13 |    15 |     2 |       |       |       ||    67
Evoke: Wand              |       |       |    10 |    15 |    18 |    15 |    21 |     1 ||    80
  Use: Scroll            |       |    10 |     2 |    19 |     2 |     8 |    21 |       ||    62
       Potion            |       |     1 |     2 |     9 |     2 |    13 |    15 |     1 ||    43
 Stab: Sleeping          |       |     6 |     2 |    11 |     6 |    11 |     7 |     1 ||    44
       Invisible         |       |       |       |     2 |     1 |       |     1 |       ||     4
       Petrified         |       |       |       |       |     2 |       |       |       ||     2
       Confused          |       |       |       |       |       |       |     4 |     1 ||     5
       Distracted        |       |       |       |       |       |       |     1 |       ||     1
Armor: Robe              |     1 |    23 |    35 |       |       |       |       |       ||    59
       Leather armour    |       |       |    40 |     2 |       |       |       |       ||    42
       Steam dragon scal |       |       |       |   264 |   332 |   485 |   444 |    73 ||  1598
Dodge: Dodged            |    12 |    44 |    64 |   262 |   245 |   404 |   433 |   107 ||  1571
       Repelled          |       |       |       |       |       |    15 |    35 |       ||    50
Block: Other             |       |    22 |    37 |   144 |   104 |    28 |       |       ||   335
       Reflection        |       |       |     1 |     4 |       |    59 |    25 |       ||    89
       Buckler           |       |       |       |       |       |   402 |   257 |    46 ||   705
